Map: Overgrown Facility

Players

PureLegacy - Winner!

  • Race: Terran Terran
  • Spawn Location: 1:00

LOADBLASTER - Winner!

  • Race: Terran Terran
  • League: Grandmaster
  • Spawn Location: 3:00

llllllllllll

  • Race: Terran Terran
  • League: Master
  • Spawn Location: 9:00

PandAscHibA

  • Race: Zerg Zerg
  • League: Master
  • Spawn Location: 7:00

VOD

Have the link to the VOD?

Description

Time

  • Played on: Dec. 1, 2018, 11:27 a.m.
  • Length: 4:05
Show
View Real Time Build Order
Export as new Build Order

PureLegacy Terran - Winner!

Build Orders:  

Get SALT Encoding   

  12  0:06  SCV  
  13  0:18  SCV  
  14  0:23  Supply Depot  
  14  0:30  SCV  
  14  0:33  Refinery  
  15  0:44  SCV  
  15  0:47  Barracks  
  16  0:56  SCV  
  17  1:06  Barracks  
  17  1:17  Barracks  
  17  1:22  SCV  
  18  1:36  Reaper  
  19  1:42  Orbital Command  
  19  1:50  Refinery  
  19  1:53  Reaper  
  20  2:01  Supply Depot  
  20  2:05  Reaper  
  21  2:12  Reaper  
  22  2:17  SCV  
  23  2:26  Reaper  
  23  2:29  SCV  
  25  2:32  Supply Depot  
  25  2:38  Reaper  
  25  2:41  SCV  
  27  2:44  Reaper  
  28  2:53  SCV  
  29  3:00  Reaper  
  30  3:10  Reaper, SCV  
  32  3:16  Command Center  
  34  3:50  SCV  
  34  4:03  Command Center  
Show
View Real Time Build Order
Export as new Build Order

LOADBLASTER Terran - Winner!

Build Orders:  

Get SALT Encoding   

  12  0:01  SCV  
  13  0:13  SCV  
  14  0:18  Supply Depot  
  14  0:25  SCV  
  15  0:39  SCV  
  16  0:44  Refinery  
  16  0:45  Barracks  
  16  0:51  SCV  
  17  1:03  SCV  
  18  1:16  SCV  
  19  1:32  Marine  
  19  1:33  Orbital Command  
  20  1:48  Command Center  
  20  1:58  Factory  
  20  2:02  SCV  
  20  2:06  Barracks Reactor  
  21  2:14  Supply Depot  
  20  2:16  SCV  
  21  2:22  Refinery  
  21  2:28  SCV  
  22  2:40  SCV  
  23  2:44  Starport  
  23  2:50  Hellion  
  25  2:52  Hellion  
  25  2:54  Barracks Tech Lab  
  25  2:56  SCV  
  28  3:05  Orbital Command  
  28  3:08  SCV  
  29  3:13  Hellion  
  31  3:21  Hellion  
  33  3:28  Fusion Core  
  33  3:29  SCV  
  33  3:32  SCV  
  35  3:41  SCV  
  36  3:43  Hellion  
  36  3:44  SCV  
  36  3:45  Supply Depot  
  39  3:53  SCV  
Show
View Real Time Build Order
Export as new Build Order

llllllllllll Terran 

Build Orders: Reaper Expand 

Get SALT Encoding   

  12  0:00  SCV  
  13  0:13  SCV  
  14  0:18  Supply Depot  
  14  0:25  SCV  
  15  0:39  SCV  
  15  0:41  Barracks  
  16  0:46  Refinery  
  16  0:51  SCV  
  17  1:04  SCV  
  18  1:16  SCV  
  19  1:28  Orbital Command  
  19  1:29  Reaper  
  20  1:45  Command Center  
  20  1:54  Supply Depot  
  20  1:56  SCV  
  21  2:01  Marine  
  21  2:08  SCV  
  23  2:17  Factory  
  23  2:20  SCV  
  24  2:23  Refinery  
  24  2:24  Barracks Reactor  
  24  2:32  SCV  
  25  2:44  SCV  
  26  2:56  SCV  
  25  3:02  Marine x2, Hellion  
  24  3:20  Marine  
  24  3:23  Hellion  
  24  3:33  Marine  
  24  3:34  SCV  
  19  3:46  SCV  
Show
View Real Time Build Order
Export as new Build Order

PandAscHibA Zerg 

Build Orders: Hatch First 

Get SALT Encoding   

  12  0:00  Drone  
  13  0:12  Overlord  
  13  0:18  Drone  
  14  0:30  Drone x2  
  16  0:36  Drone  
  17  0:53  Hatchery  
  17  0:56  Drone  
  17  1:00  Drone  
  18  1:09  Extractor  
  17  1:15  Spawning Pool  
  16  1:19  Drone  
  16  1:21  Drone  
  18  1:28  Drone  
  19  1:41  Overlord  
  19  2:01  Queen  
  19  2:02  Zergling x4  
  19  2:05  Queen  
  19  2:06  Zergling x2  
  26  2:13  Metabolic Boost  
  26  2:31  Hatchery  
  26  2:34  Drone x2  
  27  2:47  Queen  
  29  2:56  Queen  
  29  2:58  Drone x2  
  32  3:11  Zergling x4  
  32  3:12  Zergling x2  
  34  3:13  Zergling x4  
  34  3:18  Overlord  
  35  3:32  Zergling x2  
  36  3:36  Overlord  
  36  3:37  Zergling x6  
  38  3:48  Zergling x6  
Tags
 
Add a new tag
Caveats
  • Supply blocks, unpowered buildings, or Contaminate may cause inaccurate times.
  • Supply counts are checked every 10 seconds.